Workbook

Sheet Summary
A1: 20195 Gatton Shire Hall Refurbishment
A3: Code | B3: Description | C3: Total
B4: TENDER SUMMARY
B5: PRELIMINARIES | C5: =SUM('5-PRELIMINARIES'!F269) -> 161227.69
B6: FOYER REFURBISHMENT | C6: =SUM('6-FOYER REFURBISHMENT'!F88) -> 123919.22
B7: MECHANICAL SERVICES UPGRADE | C7: =SUM('7-MECHANICAL SERVICES UPGRADE'!F22) -> 272827
B8: ELECTRICAL SWITCHBOARD/EMERGENCY LIGHTING | C8: =SUM('8-ELECTRICAL SWITCHBOARD EMERGE'!F22) -> 130706
B9: COMMUNICATIONS UPGRADE (Including projectors & QSC System) | C9: =SUM('9-COMMUNICATIONS UPGRADE Inclu'!F7) -> 92138
B10: LOWER LEVEL FIRE COMPLIANCE WORKS | C10: =SUM('10-LOWER LEVEL FIRE COMPLIANCE '!F48) -> 7795
B11: KITCHEN REFURBISHMENT | C11: =SUM('11-KITCHEN REFURBISHMENT'!F117) -> 82396.85
B12: EASTERN COURTYARD UPGRADE | C12: =SUM('12-EASTERN COURTYARD UPGRADE'!F162) -> 186876.83
B13: BAR AREA EXTENSION & REFURBISHMENT | C13: =SUM('13-BAR AREA EXTENSION & REFURBI'!F230) -> 172305.73
B14: FRONT ENTRANCE DOOR WORKS | C14: =SUM('14-FRONT ENTRANCE DOOR WORKS'!F54) -> 27400
B15: METALWORK SCREENING AND GATES TO COURTYARDS | C15: =SUM('15-METALWORK SCREENING AND GATE'!F38) -> 58435
B16: NORTHERN CORRIDOR WORKS | C16: =SUM('16-NORTHERN CORRIDOR WORKS'!F35) -> 16567.219
B17: OLD BAR STORAGE ROOM WORKS | C17: =SUM('17-OLD BAR STORAGE ROOM WORKS'!F26) -> 6677
B18: ROOF RECTIFICATION WORKS | C18: =SUM('18-ROOF RECTIFICATION WORKS'!F33) -> 95440
B19: ROOF SAFETY WORKS | C19: =SUM('19-ROOF SAFETY WORKS'!F10) -> 8910
B20: KITCHEN COLDROOM | C20: =SUM('20-KITCHEN COLDROOM'!F40) -> 28083
B21: PRINCIPAL CAUSED DELAYS | C21: =SUM('21-PRINCIPAL CAUSED DELAYS'!F4) -> 15000
B22: LOOSE AV EQUIPMENT | C22: =SUM('22-LOOSE AV EQUIPMENT'!F4) -> 3000
B23: ANTICIPATED CONTRIBUTION 8% | C23: 119176.39
B25: TOTAL | C25: =SUM(C4:C23) -> 1608880.9

Sheet 5-PRELIMINARIES
A1: PRELIMINARIES
A2: Code | B2: Description | C2: Quantity | D2: Unit | E2: Rate | F2: Total
B3: Programme
B4: Net Duration (Excl Delay allowance) | C4: 13 | D4: calendar weeks
B5: Delay Allowance (other) | C5: 0 | D5: weeks
B6: Inclement Weather Allowance | D6: weeks
B7: Total Anticipated Programme Duration | C7: 13 | D7: weeks
B9: Minus Shutdowns (Xmas / Easter) | D9: weeks
B10: Staffing Allowance | C10: 13 | D10: weeks
B12: Approximate Tender sum $ | C12: 1650000
B13: Liquidated damages $ | E13: ?
B15: MANAGEMENT & SUPERVISION
A16: 1/1A | B16: 1. ALL STAFF RATES REFLECT BNE/TOO STANDARD TOWN RATES - AUG 2019 | D16: note
A17: 1/1B | B17: 2. ALL STAFF RATES INCLUDE SALARY VEHICLE, FUEL , MOBILE PHONE AND IS COSTS | D17: note
A18: 1/1C | B18: 3: REFER TO EA MODELLING MATRIX FOR REGIONAL/REMOTE PROJECTS - APPLY ADJUSTMENT IN MARK UP COLUMN | D18: note
A19: 1/1D | B19: 4: CONSIDER WORK ROSTA AND ADDITIONAL RESOURCES TO COVER R&R | D19: note
A20: 1/1E | B20: 5: REFER TO PERFECT PROJECT PLAN FOR PROJECT STRUCTURE | D20: note
B21: HSEQ MANAGEMENT
A22: 1/1F | B22: HSEQ Co-ordinator - 20% | C22: 13 | D22: weeks | E22: 500 | F22: =C22*E22 -> 6500
B23: HR Training and Marketing Signage | D23: item | E23: 5000
B24: DESIGN MANAGEMENT
B25: Project Manager | D25: weeks | E25: 5016 | F25: =C25*E25 -> 0
B26: Contracts Administrator | D26: weeks | E26: 2926 | F26: =C26*E26 -> 0
B27: Design Manager | D27: weeks | E27: 4332 | F27: =C27*E27 -> 0
B28: PROJECT MANAGEMENT
A29: 1/1G | B29: Construction Manager 10% | C29: 0 | D29: weeks | E29: 5700 | F29: =C29*E29 -> 0
A30: 1/1H | B30: Project Manager - 20% | C30: 13 | D30: weeks | E30: 5016 | F30: 13041.6
A31: 1/1J | B31: Contracts Administrator - 100% | C31: 13 | D31: weeks | E31: 2926 | F31: =C31*E31 -> 38038
A32: 1/1K | B32: Construction Cadet - 0% | D32: weeks | E32: 1330 | F32: =C32*E32 -> 0
A33: 1/1L | B33: Design Manager | D33: weeks | E33: 4332 | F33: =C33*E33 -> 0
B34: Design Co-ordinator | D34: weeks | E34: 2394 | F34: =C34*E34 -> 0
A35: 1/1M | B35: Project Engineer | D35: weeks | E35: 3724 | F35: =C35*E35 -> 0
A36: 1/1N | B36: Project Administrator | D36: weeks | E36: 1596 | F36: =C36*E36 -> 0
A37: 1/1P | B37: **Total Project Management Weeks** | C37: 26 | D37: weeks | F37: NA
B38: SITE SUPERVISION
A39: 1/1Q | B39: Site Manager | D39: weeks | E39: 4408 | F39: =C39*E39 -> 0
A40: 1/1R | B40: Foreman | C40: 13 | D40: weeks | E40: 3572 | F40: =C40*E40 -> 46436
A41: 1/1S | B41: Sub Foreman | D41: weeks | E41: 2850 | F41: =C41*E41 -> 0
A42: 1/1T | B42: HSE Advisor - Labourer | D42: weeks | E42: 2888 | F42: =C42*E42 -> 0
A43: 1/1U | B43: **Total Site Supervision Weeks** | C43: 13 | D43: weeks | F43: NA
B44: SITE LABOUR (BASIC 50 HR/6 DAY WEEK WITH NO TRAVEL ALLOWANCE - CHECK WAGES FOR ADDITIONAL TRAVEL ALLOWANCES)
A45: 1/2A | B45: Leading Hand | D45: weeks | E45: 2963 | F45: =C45*E45 -> 0
A46: 1/2B | B46: Senior Tradesperson | D46: weeks | E46: 2815 | F46: =C46*E46 -> 0
A47: 1/2C | B47: Tradesperson | D47: weeks | E47: 2595 | F47: =C47*E47 -> 0
A48: 1/2D | B48: Skilled Labourer | D48: weeks | E48: 2505 | F48: =C48*E48 -> 0
A49: 1/2E | B49: Labourer | D49: weeks | E49: 2040 | F49: =C49*E49 -> 0
B50: Apprentice | D50: weeks | E50: 1925 | F50: =C50*E50 -> 0
A51: 1/2F | B51: Travel Allowance (If required) | D51: weeks | E51: 390 | F51: =C51*E51 -> 0
A52: 1/2G | B52: **Total Site Labour Weeks** | C52: 0 | D52: weeks | F52: NA
B53: TRAVEL & ACCOMMODATION - REGIONAL WORK
B54: Site Based
A55: 1/2J | B55: Accomodation allowance or house rental | D55: weeks | E55: 500 | F55: =C55*E55 -> 0
A56: 1/2K | B56: Furnishings to house | D56: item | E56: 5000 | F56: =C56*E56 -> 0
A57: 1/2L | B57: Meal Allowance | D57: weeks | E57: 441 | F57: =C57*E57 -> 0
A58: 1/2M | B58: Flights & Travel Allowance | D58: trips | E58: 500 | F58: =C58*E58 -> 0
A59: 1/2N | B59: Fuel Allowance | D59: weeks | E59: 50 | F59: =C59*E59 -> 0
B60: Visiting
A61: 1/2P | B61: NOTE: Visit rate based on single day visit utilising Commercial Travel
A62: 1/2Q | B62: Project Management | D62: visits | E62: 783 | F62: =C62*E62 -> 0
A63: 1/2R | B63: Allowance for overnight accomodation | D63: night | E63: 333 | F63: =C63*E63 -> 0
B64: RECRUITMENT, MEDICALS & INDUCTIONS
A65: 1/3H | B65: Recruitment and employment costs | D65: person | E65: 1500 | F65: =C65*E65 -> 0
A66: 1/3J | B66: Inductions - based on 1 day induction | D66: person | E66: 900 | F66: =C66*E66 -> 0
A67: 1/3K | B67: Medicals | D67: person | E67: 900 | F67: =C67*E67 -> 0
A68: 1/3L | B68: Training Requirements | D68: person | E68: 1500 | F68: =C68*E68 -> 0
B69: INSURANCE & FEES
B70: Insurances
A71: 1/3N | B71: Fees - McNab (0.35% or 0.0035) | C71: 0.0035 | D71: % | E71: 1650000 | F71: =C71*E71 -> 5775
B72: Bank Guarantee's
A73: 1/3P | B73: Contract retention by bank guarantee (2.925% of 5% of Contract - if required) CONSTRUCTION PERIOD (PER ANNUM) | C73: 0.0014625 | D73: % | E73: 1650000 | F73: =C73*E73 -> 2413.125
A74: 1/3Q | B74: Contract retention by bank guarantee (2.925% of 2.5% of Contract - if required) DEFECTS PERIOD | C74: 0.00073125 | D74: % | E74: 1650000 | F74: =C74*E74 -> 1206.5625
B75: QLeave
A76: 1/4A | B76: P.L.S.L. - QLeave (0.575% or 0.00575) | C76: 0.00575 | D76: % | E76: 1650000 | F76: 0
B77: SITE ESTABLISHMENT
B78: Geotech and Site Survey / Set Out
A79: 1/4C | B79: Additional Geotech and Testing | D79: item | E79: 5000 | F79: =C79*E79 -> 0
A80: 1/4D | B80: Allow for Survey and Setting out | C80: 10 | D80: hours | E80: 180 | F80: =C80*E80 -> 1800
A81: 1/4E | B81: Supply set out materials. | C81: 1 | D81: item | E81: 200 | F81: =C81*E81 -> 200
A82: 1/4F | B82: Dumpy Level/Height Staff/Tripod (McNab Hire) | C82: 8 | D82: weeks | E82: 42 | F82: =C82*E82 -> 336
B83: Dilapidation Report
A84: 1/4G | B84: Allow for preparing a dilapidation report for adjoining properties (by PM & CA) | D84: item | E84: 1500 | F84: =C84*E84 -> 0
B85: Allowance for plastic and 6mm plywood to be laid to protect existing flooring areas to Auditorium during works | C85: 1 | D85: item | E85: 1000 | F85: =C85*E85 -> 1000
B86: Fencing & Hoardings
A87: 1/4H | B87: Temporary Chainwire Fencing | C87: 126.14 | D87: m | E87: 10 | F87: =C87*E87 -> 1261.4
A88: 1/4J | B88: Temporary Solid Hoarding | D88: m | E88: 180 | F88: =C88*E88 -> 0
A89: 1/4K | B89: Temporary Signboard and Fence Banners | C89: 1 | D89: item | E89: 1000 | F89: =C89*E89 -> 1000
B90: Hardstanding
A91: 1/4L | B91: Allowance for Washdown/Shakedown facility | D91: item | E91: 1500 | F91: =C91*E91 -> 0
B92: Access to neighbour's boundary | D92: item | E92: 10000 | F92: =C92*E92 -> 0
B93: Allowance for Hardstanding and Access Roads | D93: m2 | E93: 15 | F93: =C93*E93 -> 0
A94: 1/4N | B94: Allowance for removal of temporary hardstanding | D94: m2 | E94: 5 | F94: =C94*E94 -> 0
A95: 1/4P | B95: Allowance for repairs to existing roads and kerbs as necessary | D95: item | E95: 1500 | F95: =C95*E95 -> 0
B96: Site Accommodation
B97: Site Shed [6m x 3m] - Utilise areas witihin building for site facilities | D97: weeks | E97: 55 | F97: =C97*E97 -> 0
A98: 1/4Q | B98: Site Shed [12m x 3m] | D98: weeks | E98: 85 | F98: =C98*E98 -> 0
B99: Moving to building - set-up costs | D99: item | E99: 5000 | F99: =C99*E99 -> 0
A100: 1/5A | B100: Meeting Room [6m x 3m] | D100: weeks | E100: 55 | F100: =C100*E100 -> 0
A101: 1/5B | B101: 5 x WC Ablution block [6m x 3m] - Utilise existing amenties on site | D101: weeks | E101: 95 | F101: =C101*E101 -> 0
A102: 1/5C | B102: extra for holding tank and steps | D102: weeks | E102: 85 | F102: =C102*E102 -> 0
A103: 1/5D | B103: extra for pump outs if not connected to mains | D103: weeks | E103: 375 | F103: =C103*E103 -> 0
...

Sheet 6-FOYER REFURBISHMENT
A1: FOYER REFURBISHMENT
A2: Code | B2: Description | C2: Quantity | D2: Unit | E2: Rate | F2: Total
B3: REFURBISHMENT TO EXISTING FOYER
B4: New floor, wall and ceiling coverings
B5: New bench-top joinery and roller shutter to Kiosk/Bar
B6: New paint to existing doors
B8: Demolition
B9: Remove existing wall plaques and honour boards and reinstall to new wall linings | C9: 4 | D9: hours | E9: 65 | F9: =C9*E9 -> 260
B10: Labour to strip out and remove existing joinery units, fixtures, carpet flooring, skirtings, wall and ceiling linings (3 men x 2 days) | C10: 60 | D10: hrs | E10: 65 | F10: =C10*E10 -> 3900
B11: Refer total quote from 470 Group - $44,990
B13: Internal fitout
B14: 92mm stud wall framing | C14: 23 | D14: m2 | E14: 45 | F14: =C14*E14 -> 1035
B15: 42 mm top hat battens fixed to masonry walls | C15: 77 | D15: m2 | E15: 17.5 | F15: =C15*E15 -> 1347.5
B16: 13mm flushset plasterboard wall linings | C16: 109 | D16: m2 | E16: 45 | F16: =C16*E16 -> 4905
B17: Square set ceiling/wall junctions and external corners | C17: 119 | D17: m | E17: 15 | F17: =C17*E17 -> 1785
B18: Bulkhead framing | C18: 27.84 | D18: m | E18: 45 | F18: =C18*E18 -> 1252.8
B19: Sloping framing to sklights wells | C19: 23 | D19: m2 | E19: 60 | F19: =C19*E19 -> 1380
B20: 13mm flushset plasterboard ceilings including suspension system | C20: 101 | D20: m2 | E20: 50 | F20: =C20*E20 -> 5050
B21: EO for perforated plasterboard to above item | C21: 12 | D21: m2 | E21: 45 | F21: =C21*E21 -> 540
B22: 2400 x 600 x 25 Troldtekt drop-in acoustic ceiling panels | C22: 22 | D22: m2 | E22: 130 | F22: =C22*E22 -> 2860
B23: Ceiling access panel | C23: 1 | D23: no | E23: 250 | F23: =C23*E23 -> 250
B24: Ceiling insulation - R3.5 Bradford gold batts 185mm thick | C24: 125 | D24: m2 | E24: 13.5 | F24: =C24*E24 -> 1687.5
B25: Timber skirting | C25: 31.88 | D25: m | E25: 6.5 | F25: =C25*E25 -> 207.22
... B32: Labour to install to ceilings | C32: 40 | D32: hours | E32: 65 | F32: =C32*E32 -> 2600
B33: Refer quote from Johnston Kitchens (total $115,895 for foyer & bar timber battening, bar stone top and SS joinery, Kitchen SS joinery and cabinet, knotwood battens to external bar roof parapet and external knotwood vertical battens) | D33: item | E33: 39690
B35: Door & hardware
B36: DJ2 & 3 - New hardware to existing doors | C36: 2 | D36: no | E36: 366 | F36: =C36*E36 -> 732
B37: DJ2 & 3 - New door pull handles fitted to existing doors - Entro EW1300series 600mm long x 400 CTC x 72 brass handles | C37: 4 | D37: no | E37: 570 | F37: =C37*E37 -> 2280
B38: Labour to install | C38: 4 | D38: hours | E38: 65 | F38: =C38*E38 -> 260
B40: Signage
B41: Allowance for signage to switchboard | C41: 1 | D41: item | E41: 150 | F41: =C41*E41 -> 150
B42: Wayfinding Etnry signage to street frontage and hearing augmentation signage - refer quote from Wood & Wood | C42: 1 | D42: quote | E42: 1232 | F42: =C42*E42 -> 1232
B44: Tiling
B45: TL1 floor tiling - Johnson tiles Peak Antracite matt finish 300 x 600 with epoxy grout | C45: 78 | D45: m2 | E45: 150.8 | F45: =C45*E45 -> 11762.4
B46: TL2 insert border floor tile 200 x 600mm with epoxy grout | C46: 27 | D46: m | E46: 30 | F46: =C46*E46 -> 810
B47: 3mm aluminium edge strip between all floor finish changes | C47: 32 | D47: m | E47: 20 | F47: =C47*E47 -> 640
B48: TL3 wall tiling - Johnson tiles Pastella white (70% gloss & 30% matt) 65mm x 265mm with epoxy grout | C48: 9 | D48: m2 | E48: 149.7 | F48: =C48*E48 -> 1347.3
B49: Refer quote from Six Star Group (total - $22510.34)
B51: Carpet Floorcoverings
B52: Shaw Contract cushion backed carpet tiles | C52: 44.78 | D52: m2 | E52: 100 | F52: 0
B53: Refer quote from Asset Flooring Group (total - $9,940) | C53: 1 | D53: quote | E53: 4250 | F53: =C53*E53 -> 4250
B54: Refer quote from Carpet One including coving and skim coat to vinyl (total - $10,500). Recessed entry door carpet mat not allowed | F54: =C54*E54 -> 0
B55: Refer quote from Andersens Gatton (total - $11,038) | D55: quote | E55: 4634 | F55: =C55*E55 -> 0
B56: Refer quote from OzFloor including 150mm coving. Excludes skim coat for vinyl areas (total - $11,450) | D56: quote | E56: 4750 | F56: =C56*E56 -> 0
B57: Refer quote from PKF flooring (total - $13,284) | F57: =C57*E57 -> 0
B59: Painting
B60: Painting plasterboard wall and celings | C60: 129 | D60: m2 | E60: 16 | F60: =C60*E60 -> 2064
B61: Sand and prepare existing varnished doors (and panels above) and repaint with Dulux The Remarkables | C61: 6 | D61: no | E61: 250 | F61: =C61*E61 -> 1500
B62: Paint existing aluminium door frame to corridor | C62: 1 | D62: item | E62: 250 | F62: =C62*E62 -> 250
B63: Refer painting quotes from (totals):
B64: Imperial Coatings - $10,223 + $760 for rendering
B65: A & R Painting - $19,000
B66: Horizon Coatings - $30,078
B67: GNT Painting - $55,200 + $60/m2 for rendering
B68: Painter Network - $140,457
B70: Bar Servery Top
B71: Caesarstone counter top - 5500mm long x 210mm wide x 50/120mm high c/w packing to form recess for strip lighting | C71: 5.5 | D71: m | E71: 500 | F71: Included
B72: Accent Benchtops quote | C72: 1 | D72: quote | E72: 2520 | F72: =C72*E72 -> 2520
B73: Aspect quote (total $14,553) | F73: =C73*E73 -> 0
B75: Motorised Roller Shutter
B76: Series 2 aluminium slotted roller shutter with master keyable locking mechanism, manual operation - 5500mm wide x 1350mm high (FFE - motorised, Spec - manual operation ??) | C76: 1 | D76: no | F76: i=Included
B77: All Doors quote | C77: 1 | D77: quote | E77: 5810 | F77: =C77*E77 -> 5810
B78: Arco quote (motorised) | D78: quote | E78: 7217 | F78: =C78*E78 -> 0
B79: Mirage quote for single motorised roller shutter | D79: quote | E79: 8739 | F79: =C79*E79 -> 0
B80: Mirage alternative offer for 2 x manual roller shutters | D80: quote | E80: 5135 | F80: =C80*E80 -> 0
B81: Best Doors Toowoomba quote | D81: quote | E81: 8470 | F81: =C81*E81 -> 0
B83: Furniture
B84: Bench seat with plant - Stylecraft Rombo (refer quote) | C84: 1 | D84: quote | E84: 5617 | F84: =C84*E84 -> 5617
B85: Labour to install client supplied wall mounted TV | C85: 2 | D85: item | E85: 100 | F85: =C85*E85 -> 200
B87: Allowance for fire extinguishers | C87: 1 | D87: item | E87: 185 | F87: =C87*E87 -> 185
B88: Total | F88: =SUM(F2:F87) -> 123919.22

Sheet 7-MECHANICAL SERVICES UPGRADE
A1: MECHANICAL SERVICES UPGRADE
A2: Code | B2: Description | C2: Quantity | D2: Unit | E2: Rate | F2: Total
B3: MECHANICAL UPGRADES ACROSS SITE
B4: Replacing roof-top packaged A/C units and re-use existing ductwork
B5: New split unit to service the Control Room
B6: New A/C unit and ventilation system to Stage Area
B7: Removing existing roof mounted fans in the Hall and Stage
B8: Undertake duct cleaning to all existing rigid ductwork
B10: Mech quotes:
B11: Refer quote from Marsh Air Conditioning (Daikin option) - revised for addendum 6 | C11: 1 | D11: quote | E11: 270327 | F11: =C11*E11 -> 270327
A12: Rev | B12: Refer quote from Marsh Air Conditioning (Actron option) | D12: quote | E12: 277635 | F12: =C12*E12 -> 0
B13: Refer quote from Effective Airconditioning Services - revised for addendum 6 | D13: quote | E13: 304832 | F13: =C13*E13 -> 0
B14: Refer quote from Airtech (price still current based on addendum 6) | D14: quote | E14: 329000 | F14: =C14*E14 -> 0
B15: Refer quote from Alpine Refrigeration (price based on construction issue 1 drawings) | D15: quote | E15: 336200 | F15: =C15*E15 -> 0
B16: Refer quote from Garden City Ref & Aircon (price still currrent based on addendum 6) | D16: quote | E16: 344014 | F16: =C16*E16 -> 0
B17: Refer quote from Carseldine Air Conditioning (price based on addendum 6) | D17: quote | E17: 461530 | F17: =C17*E17 -> 0
B19: Allowance for plant platform for new package unit | C19: 1 | D19: item | E19: 2500 | F19: =C19*E19 -> 2500
B21: Refer price from CBM Services Group (dated 11 March 2020 - $249,590)
B22: Total | F22: =SUM(F2:F21) -> 272827

Sheet 8-ELECTRICAL SWITCHBOARD EMERGE
A1: ELECTRICAL SWITCHBOARD/EMERGENCY LIGHTING
A2: Code | B2: Description | C2: Quantity | D2: Unit | E2: Rate | F2: Total
B3: ELECTRICAL UPGRADES ACROSS SITE
B4: Upgrading and replace existing internal lighting
B5: Upgrade and replace existing switchboard
B6: New PA system to foyer room
B7: Alterations to existing GPO's and additional GPO's
B8: Upgrading and replace existing building perimeter lighting
B9: Alterations to existing Exit and Emergency light to address compliance
B10: New projector and screen to Auditorium
B11: Dry fire works included in addendum 5
B13: Elect quotes:
B14: Refer quote from Nic Connolly Electrical (includes comms & dry fire, excludes AV systems) | C14: 1 | D14: quote | E14: 130706 | F14: =C14*E14 -> 130706
B15: Refer quote from O'Brien Electrical (without nominated subcontractor AV system works) - revised to include dry fire | D15: quote | E15: 161950
B16: Refer quote from O'Brien Electrical (including nominated subcontractor AV system works) - revised to include dry fire | D16: quote | E16: 262480
B17: Refer quote from Livewired Electrical (no dry fire) Excludes AV systems - price based on addendums up to 3 only | D17: quote | E17: 149970
B20: Fire Services
B21: Refer quote from FireComm (for removal and reinstatement of existing FIP and removal and reinstatement of smoke and heat detectors and evac speakers on ceilings being replaced) | D21: quote | E21: 9995 | F21: =C21*E21 -> 0
B22: Total | F22: =SUM(F2:F21) -> 130706

Sheet 9-COMMUNICATIONS UPGRADE  Inclu
A1: COMMUNICATIONS UPGRADE (Including projectors & QSC System)
A2: Code | B2: Description | C2: Quantity | D2: Unit | E2: Rate | F2: Total
B3: Nominated audio visual sub=-contractor
B4: Refer quote from Brisbane Sound Group | C4: 1 | D4: quote | E4: 82462 | F4: =C4*E4 -> 82462
B5: Less PC Sum for loose AV items | C5: -1 | D5: no | E5: 3000 | F5: =C5*E5 -> -3000
B6: Additional costs for Hearing Augmentation as per Addendum #5 | C6: 1 | D6: quote | E6: 12676 | F6: =C6*E6 -> 12676
B7: Total | F7: =SUM(F2:F6) -> 92138

Sheet 10-LOWER LEVEL FIRE COMPLIANCE 
A1: LOWER LEVEL FIRE COMPLIANCE WORKS
A2: Code | B2: Description | C2: Quantity | D2: Unit | E2: Rate | F2: Total
B3: NEW CLEANERS CUPOARD
B4: Demolish existing joinery to cleaners cupboard underneath stairs
B5: Demolish existing door set ot old cleaners cupboard and patch hole
B6: Construct new stud framed cleaners cupboard to lower basement
B7: Install joinery as required
B9: Demolition
B10: Labour to remove existing door and joinery | C10: 1 | D10: item | E10: 100 | F10: =C10*E10 -> 100
B11: Disconnect and make safe kiln to Pottery room | C11: 1 | D11: item | E11: 100 | F11: =C11*E11 -> 100
B13: Internal fitout
B14: 64mm stud wall framing | C14: 14 | D14: m2 | E14: 35 | F14: =C14*E14 -> 490
B15: Ceiling battens | C15: 4 | D15: m2 | E15: 25 | F15: =C15*E15 -> 100
B16: Bulkhead framing around steel beam | C16: 1 | D16: item | E16: 75 | F16: =C16*E16 -> 75
B17: 13mm flushset plasterboard wall and ceiling linings | C17: 33 | D17: m2 | E17: 45 | F17: =C17*E17 -> 1485
B18: Square set ceiling/wall junctions and external corners | C18: 34 | D18: m | E18: 15 | F18: =C18*E18 -> 510
B19: Timber skirting | C19: 1 | D19: item | E19: 50 | F19: =C19*E19 -> 50
B21: Door & hardware
B22: New aluminium framed door frame to suit double timber door - 1000mm wide x 2000mm high | C22: 3 | D22: no | E22: 350 | F22: =C22*E22 -> 1050
B23: Refer quote from Argus Vison (total $51,466) including alum door frames for timber doors
B24: Refer quote from Scope Doors & Windows (total $52,555) including alum door frames for timber doors
B25: Refer GJames quote (total $58,0191) includes aluminium door frames for timber doors
B26: Refer quote from Division Windows (total $59,100) includes alum door frames for timber doors
B27: Refer Bradnams revised quote (total $74,050) includes aluminium door frames for timber doors
B29: DK17, 18 & 19 - supply internal solid core double doors (non-rebated) - 2040 x 1000mm c/w hardware | C29: 3 | D29: no | E29: 375 | F29: =C29*E29 -> 1125
B30: Labour to install | C30: 3 | D30: no | E30: 200 | F30: =C30*E30 -> 600
B32: Remove existing door locking hardware to Pottery Room to allow full access at all times | C32: 1 | D32: item | E32: 40 | F32: =C32*E32 -> 40
B34: Allowance for fire extinguishers | C34: 1 | D34: item | E34: 350 | F34: =C34*E34 -> 350
B36: Painting
B37: Painting to plasterboard wall and ceilings | C37: 10 | D37: m2 | E37: 25 | F37: =C37*E37 -> 250
B38: Painting to doors | C38: 6 | D38: no | E38: 120 | F38: =C38*E38 -> 720
B39: Refer painting quotes from (totals):
B40: Imperial Coatings - $10,223 + $760 for rendering
B41: A & R Painting - $19,000
B42: Horizon Coatings - $30,078
B43: GNT Painting - $55,200 + $60/m2 for rendering
B44: Painter Network - $140,457
B46: Existing Stairs
B47: Infill treads with timber risers | C47: 1 | D47: item | E47: 750 | F47: =C47*E47 -> 750
B48: Total | F48: =SUM(F2:F47) -> 7795

Sheet 11-KITCHEN REFURBISHMENT
A1: KITCHEN REFURBISHMENT
A2: Code | B2: Description | C2: Quantity | D2: Unit | E2: Rate | F2: Total
B3: KITCHEN REFURBISHMENT
B4: Temporarily relocate existing joinery, fixtures, and furnishings
B5: Demolish existing floor and wall linings
B6: Repair damaged ceiling
B7: Construct modifications to existing joinery
B8: Construct new electrical, mechanical and hydraulic services
B10: Internal demolition
B11: Electrical disconnections | C11: 1 | D11: item | E11: 1000 | F11: =C11*E11 -> 1000
B12: Hydrulics disconnections and capping | C12: 1 | D12: item | E12: 1000 | F12: =C12*E12 -> 1000
B13: Labour to disconnect and remove all existing kitchen appliances, SS joinery benches and shelving & salvage for reuse (3 men x 1 day) | C13: 30 | D13: hrs | E13: 65 | F13: =C13*E13 -> 1950
B14: Labour to remove existing floor and wall tiling | C14: 101 | D14: m2 | E14: 25 | F14: =C14*E14 -> 2525
B15: Floor griinding | C15: 51.79 | D15: m2 | E15: 15 | F15: =C15*E15 -> 776.85
B16: Machine hire | C16: 1 | D16: item | E16: 500 | F16: =C16*E16 -> 500
B17: Strip out existing ceiling cornices (without damaging ceiling sheeting) | C17: 1 | D17: item | E17: 350 | F17: =C17*E17 -> 350
B18: Refer total quote from 470 Group - $44,990
B20: Strip out and remove doors and metal frames | C20: 2 | D20: no | E20: 65 | F20: =C20*E20 -> 130
B21: Brick cutting to wall to form new double door opening | C21: 1 | D21: item | E21: 250 | F21: =C21*E21 -> 250
B22: Labour to demolish brickwork for larger door opening | C22: 1 | D22: hrs | E22: 65 | F22: =C22*E22 -> 65
B23: Temporary propping | C23: 1 | D23: item | E23: 100 | F23: =C23*E23 -> 100
B24: 150 x 100 x 10 UA brickwork lintel (neatly saw extension to existing opening in brickwork) | C24: 1 | D24: item | E24: 450 | F24: 0
B25: AG Rigging supply and install quote (total $36,800) | C25: 1 | D25: item | E25: 1100 | F25: =C25*E25 -> 1100
B26: Sencova Steel Fabricators (total $48,000) | F26: =C26*E26 -> 0
B27: Fire resitant paint to door head (CAFCO 300 spray applied fire protection coating) | C27: 1 | D27: item | E27: 500 | F27: =C27*E27 -> 500
B29: Permenantly fix shut existing louvre windows to make inoperable | C29: 13 | D29: no | E29: 30 | F29: =C29*E29 -> 390
B31: Brickwork
B32: Brick infills to existing door opening and side of door opening | C32: 1 | D32: item | E32: 1000 | F32: 0
B33: Refer quote from SCB | C33: 1 | D33: quote | E33: 1585 | F33: =C33*E33 -> 1585
B35: Internal fitout
B36: 92mm stud wall framing | C36: 20 | D36: m2 | E36: 45 | F36: =C36*E36 -> 900
B37: 42 mm top hat battens fixed to masonry walls | C37: 89 | D37: m2 | E37: 17.5 | F37: =C37*E37 -> 1557.5
B38: 6mm flushset villaboard wall linings | C38: 89 | D38: m2 | E38: 52 | F38: =C38*E38 -> 4628
B39: Wall insulation R0.8 | C39: 89 | D39: m2 | E39: 10.5 | F39: =C39*E39 -> 934.5
B40: Square set ceiling/wall junctions, external corners and window openings | C40: 54 | D40: m | E40: 15 | F40: =C40*E40 -> 810
B41: EO to square set window openings | C41: 13 | D41: no | E41: 100 | F41: =C41*E41 -> 1300
B42: Plasterboard ceiling (repaired as result of mech works) | C42: 1 | D42: item | E42: 1000 | F42: =C42*E42 -> 1000
B44: Door & hardware
B45: New aluminium framed door frame to suit timber double doors | C45: 1 | D45: no | E45: 400 | F45: =C45*E45 -> 400
B46: Refer quote from Argus Vison (total $51,466) including alum door frame for double timber doors
B47: Refer quote from Scope Doors & Windows (total $52,555) including alum door frames for timber doors
B48: Refer GJames quote (total $58,0191) includes aluminium door frames for timber doors
B49: Refer quote from Division Windows (total $59,100) includes alum door frames for timber doors
B50: Refer Bradnams revised quote (total $74,050) includes aluminium door frames for timber doors
B52: D10 - supply internal solid core double doors - 2100mm x 1450mm wide bat wing doors with glass viewing panels c/w hardware | C52: 1 | D52: no | E52: 952 | F52: =C52*E52 -> 952
B53: Labour to install | C53: 1 | D53: no | E53: 390 | F53: =C53*E53 -> 390
B55: Floorcoverings
B56: Floor prep - Skim coat | C56: 51.79 | D56: m2 | E56: 8.5 | F56: 0
B57: VNL-01 Armstrong Safeguard R12 vinyl | C57: 51.79 | D57: m2 | E57: 65 | F57: 0
B58: Cove floor vinyl up wall to 100mm high | C58: 33.03 | D58: m | E58: 20 | F58: 0
B59: Refer quote from Asset Flooring Group including 1mm skim coat and coving to 100mm high (total - $9,940) | C59: 1 | D59: quote | E59: 4190 | F59: =C59*E59 -> 4190
B60: Refer quote from Carpet One including coving and skim coat to vinyl (total - $10,500). Recessed entry door carpet mat not allowed | F60: =C60*E60 -> 0
B61: Refer quote from Andersens Gatton including 1mm skim coat and coving to 150mm high (total - $11,038) | D61: quote | E61: 5227 | F61: =C61*E61 -> 0
B62: Refer quote from OzFloor including 150mm coving. Excludes skim coat for vinyl areas (total - $11,450) | D62: quote | E62: 6700 | F62: =C62*E62 -> 0
B63: Refer quote from PKF flooring (total - $13,284) | F63: =C63*E63 -> 0
B65: Joinery (cabinet)
B66: 1728mm wide x 830mm deep x 3000mm high - laminated finish, 6 shelves, 3 doors | C66: 1.8 | D66: m | E66: 1200 | F66: Included
B67: Weston Kitchens & Bathrooms price | C67: 1 | D67: item | E67: 2100 | F67: =C67*E67 -> 2100
B68: Aspect quote (total $14,553) | D68: item | E68: 9053 | F68: =C68*E68 -> 0
B69: Refer quote from Johnston Kitchens (total $115,895 for foyer & bar timber battening, bar stone top and SS joinery, Kitchen SS joinery and cabinet, knotwood battens to external bar roof parapet and external knotwood vertical battens) | D69: item | F69: =C69*E69 -> 0
B71: Kitchen Joinery (Stainless Steel) - based on coldroom location Option 1
B72: Labour to reinstall existing SS benches and shelving as required | C72: 30 | D72: hours | E72: 65 | F72: =C72*E72 -> 1950
B74: Custom SS 'L' shaped bench approx 2300 x 3000mm long x 900mm high x 600mm deep, open under with 1 mid-shelf under and 150mm high splashback and joined onto existing SS benchtop (304 grade SS) | C74: 1 | D74: no | E74: 6223 | F74: 0
B75: Allowance to cut back/remove bench returns to existing SS bench and rectify cut edges to match existing | C75: 2 | D75: no | E75: 350 | F75: =C75*E75 -> 700
B76: Form new SS sink into existing SS benchtop | C76: 1 | D76: item | E76: 700 | F76: 0
B77: New SS single tier shelf - 1800Lx 400W | C77: 1 | D77: no | E77: 500 | F77: 0
B78: New SS single tier shelf - 2200Lx 400W | C78: 1 | D78: no | E78: 500 | F78: 0
B79: New SS single tier shelf - 2800Lx 400W | C79: 1 | D79: no | E79: 550 | F79: =C79*E79 -> 550
B80: Subbies quotes
B81: Refer quote from T & H Sheetmetal (total $31,471 for SS joinery and 3 x appliances). Missing 1 x SS shelf | C81: 1 | D81: item | E81: 9655 | F81: =C81*E81 -> 9655
B82: Refer quote from A1 Custom Stainless Steel & Kitchens (total $23,051 for SS joinery to bar and kitchen) Revised pricing based on my BOQ | D82: item | E82: 9898 | F82: =C82*E82 -> 0
B83: Refer quote from WFM (total $51,654 for SS joinery to bar and kitchen, aluminium screeing and SS handrailing) | D83: item | E83: 11308 | F83: =C83*E83 -> 0
B84: Refer quote from Suncoast Sheetmetal (total for kitchen and bar $29,565 - includes some items being salvaged and reused) | D84: item | E84: 11333 | F84: =C84*E84 -> 0
B85: Refer quote from Johnston Kitchens (total $115,895 for foyer & bar timber battening, bar stone top and SS joinery, Kitchen SS joinery and cabinet, knotwood battens to external bar roof parapet and external knotwood vertical battens) | D85: item | E85: 25384
B86: Refer quote from Enfab (total $32,417 for SS joinery to bar and kitchen and 3 x appliances). Priced to incorrect drawings | F86: =C86*E86 -> 0
B87: Refer quote from Lamberts (total $96,561 for SS joinery to bar and kitchen, cold room, appliances and shelving) - late | D87: item | E87: 48276
B89: Coldroom option 2 - Extended SS bench 1500mm long x 900mm high x 600mm deep, open under with 1 mid-shelf under and 150mm high SS splashback to match existing (304 grade SS) - may not be required | C89: 1 | D89: no | E89: 1300 | F89: N/A
B90: Coldroom option 2 - New SS single tier shelf - 1700Lx 400W - may not be required | C90: 1 | D90: no | E90: 500 | F90: N/A
B92: Appliances
B93: Unox Compact Combi Oven XEVC-0311-EPRM c/w 3 trays | C93: 1 | D93: no | F93: Included
B94: Refer quote from T & H Sheetmetal | C94: 1 | D94: quote | E94: 6675 | F94: =C94*E94 -> 6675
B95: Above pricing from JB Hi-Fi | D95: quote | E95: 7755.97 | F95: =C95*E95 -> 0
B96: Alternative product pricing from Procook - $6,575 for Techneka electric 5 tray GN1/1 | F96: =C96*E96 -> 0
B97: Refer price from Enfab in conjunction with SS joinery | D97: quote | E97: 6384 | F97: =C97*E97 -> 0
B99: Allowance for fire extinguishers | C99: 1 | D99: item | E99: 500 | F99: =C99*E99 -> 500
B101: Painting
B102: Internal walls and ceilings | C102: 139 | D102: m2 | E102: 16 | F102: =C102*E102 -> 2224
B103: Double internal doors | C103: 1 | D103: no | E103: 300 | F103: =C103*E103 -> 300
B104: Single internal door | C104: 1 | D104: no | E104: 150 | F104: =C104*E104 -> 150
B105: Refer painting quotes from (totals):
B106: Imperial Coatings - $10,223 + $760 for rendering
B107: A & R Painting - $19,000
B108: Horizon Coatings - $30,078
B109: GNT Painting - $55,200 + $60/m2 for rendering
B110: Painter Network - $140,457
B112: Hydraulic Services
B113: Allowance for council fees and inspections | C113: 1 | D113: item | E113: 550 | F113: =C113*E113 -> 550
B114: Refer quote from PCP Solutions (total $58,534) | C114: 1 | D114: item | E114: 27459 | F114: =C114*E114 -> 27459
B115: Refer quote from Redshaw Plumbing (total $77,273) | F115: =C115*E115 -> 0
B116: Allowance for fire collars to ceiling penos | C116: 1 | D116: item | E116: 300 | F116: =C116*E116 -> 300
...

Sheet 12-EASTERN COURTYARD UPGRADE
A1: EASTERN COURTYARD UPGRADE
A2: Code | B2: Description | C2: Quantity | D2: Unit | E2: Rate | F2: Total
B3: EASTERN COURTYARD REFURBISHMENT
B4: Demolish existing non-compliant stairs (x2)
B5: Reclaim existing pavers and handover to LVRC
B6: Demolish existing non-compliant glazing to eastern facade of Auditorium
B7: Construct new flooring, stairs and retaining to courtyard
B8: Construct new glazed doors to eastern wall of Auditorium
B10: Demolition
B11: Engage U/G services locator for existing stormwater drainage | C11: 1 | D11: item | E11: 150 | F11: =C11*E11 -> 150
B12: Labour to lift and pack clay pavers (to be handed over to council) | C12: 138.56 | D12: m2 | E12: 25 | F12: =C12*E12 -> 3464
B13: Brick and concrete saw cutting to external wall | C13: 1 | D13: item | E13: 200 | F13: =C13*E13 -> 200
B14: Removal of 1 large palm tree | C14: 1 | D14: item | E14: 1000 | F14: =C14*E14 -> 1000
B15: Machine hire to carry out demolition works to lift existing clay paving, remove exsting concrete stairs, garden beds, etc | C15: 20 | D15: hours | E15: 110 | F15: =C15*E15 -> 2200
B16: Truck hire | C16: 20 | D16: hours | E16: 100 | F16: =C16*E16 -> 2000
B17: Labour to assist with external demo, seat, bin and handrail removal, break up and remove floor tiling, switchboard enclosure removal, | C17: 40 | D17: hours | E17: 65 | F17: =C17*E17 -> 2600
B18: Labour to remove existing aluminium doors and windows x 6 bays (to suit installation of new doors) | C18: 36 | D18: hours | E18: 65 | F18: =C18*E18 -> 2340
B19: Refer total quote from 470 Group - $44,990
B21: Termite protection
B22: Cold joints | C22: 45.01 | D22: m | E22: 20 | F22: =C22*E22 -> 900.2
B24: Excavation
B25: Silt fence | C25: 30 | D25: m | E25: 8 | F25: =C25*E25 -> 240
B26: Strip footing to retaining walls and edge thickening | C26: 16 | D26: m3 | E26: 90 | F26: =C26*E26 -> 1440
B27: Excavate to reduce levels under SOG | C27: 20 | D27: m3 | E27: 20 | F27: =C27*E27 -> 400
B28: Excavate for rubble drains | C28: 2 | D28: m3 | E28: 120 | F28: =C28*E28 -> 240
B29: Spoil removal | C29: 38 | D29: m3 | E29: 15 | F29: =C29*E29 -> 570
B30: Compact and final trim | C30: 201.73 | D30: m2 | E30: 3.5 | F30: =C30*E30 -> 706.055
B31: Agi drain | C31: 72 | D31: m | E31: 12.5 | F31: =C31*E31 -> 900
B32: Geo fab | C32: 61 | D32: m2 | E32: 6.5 | F32: =C32*E32 -> 396.5
B33: Self-compact to rubble drain and retaining walls | C33: 18 | D33: m3 | E33: 110 | F33: =C33*E33 -> 1980
B35: 50mm dust layer | C35: 218 | D35: m2 | E35: 3.5 | F35: =C35*E35 -> 763
B36: Plastic membrane | C36: 218 | D36: m2 | E36: 2 | F36: =C36*E36 -> 436
B37: Allowance for engineering inspections | C37: 1 | D37: item | E37: 500 | F37: =C37*E37 -> 500
B39: Concrete supply
B40: N25 concrete to strip footings and edge thickening | C40: 14 | D40: m3 | E40: 155 | F40: =C40*E40 -> 2170
B41: N25 concrete to SOG 100mm (&150mm) thick and 3 x stairs | C41: 33 | D41: m3 | E41: 155 | F41: =C41*E41 -> 5115
B43: Concrete labour
B44: N25 concrete to strip footings and edge thickening | C44: 14 | D44: m3 | E44: 75 | F44: =C44*E44 -> 1050
B45: Place and finish SOG 100mm thick | C45: 212 | D45: m2 | E45: 30 | F45: =C45*E45 -> 6360
B46: Place and finish stair flights | C46: 3 | D46: no | E46: 350 | F46: =C46*E46 -> 1050
B47: EO for forming to drain grate | C47: 1 | D47: item | E47: 75 | F47: =C47*E47 -> 75
B48: EO for stencilcrete linear 1500 x 300 stretcher bond pattern - colour charcoal including to stair treads and risers | C48: 221 | D48: m2 | E48: 40 | F48: =C48*E48 -> 8840
B50: Formwork
B51: Class 5 formwork to form vertical edge thickenings | C51: 55 | D51: m2 | E51: 80 | F51: =C51*E51 -> 4400
B52: 200mm edge formwork | C52: 72.81 | D52: m | E52: 20 | F52: =C52*E52 -> 1456.2
B53: Stair formwork | C53: 8 | D53: m2 | E53: 140 | F53: =C53*E53 -> 1120
B55: Joints
B56: Labour to drill and dowel bars (N16) to existing footings and slab | C56: 83 | D56: no | E56: 15 | F56: =C56*E56 -> 1245
B57: Dowelled joint including 10 x 25 sealant joint | C57: 29 | D57: m | E57: 35 | F57: =C57*E57 -> 1015
B58: Isolation joint including 10mm ableflex and sealant joint | C58: 8 | D58: m | E58: 22 | F58: =C58*E58 -> 176
B59: Sawn joint - 3mm saw cut, 25mm deep with sealant | C59: 125.51 | D59: m | E59: 12.5 | F59: =C59*E59 -> 1568.875
B61: Concrete testing & pumping
B62: Testing / pour | C62: 5 | D62: no | E62: 500 | F62: =C62*E62 -> 2500
B63: Concrete pump | C63: 4 | D63: no | E63: 500 | F63: =C63*E63 -> 2000
B64: Pumping | C64: 47 | D64: m3 | E64: 35 | F64: =C64*E64 -> 1645
B66: Reo supply and place
B67: Reo bar supply | D67: tonne | E67: 1300 | F67: Included
B68: Reo mesh supply (SL72) | C68: 262 | D68: m2 | E68: 6 | F68: Included
B69: Reo mesh supply (SL92) | C69: 1 | D69: sheet | E69: 85 | F69: Included
B70: Refer pricing from Lyndons (total $2,336) excludes civil reo and fabricated cages
B71: Refer pricing from Wire Industries (total $5,785) Fabricated cages not allowed
B72: Refer supply rates only from Infrabuild
B73: Refer quote from Wagners (total 7,946) includes fabricated cages and civil reo
B74: Reo supply allowance | C74: 1 | D74: item | E74: 4600 | F74: =C74*E74 -> 4600
B76: Bar place / tonne | C76: 0.84 | D76: tonne | E76: 750 | F76: =C76*E76 -> 630
B77: Mesh place | C77: 345 | D77: m2 | E77: 5.5 | F77: =C77*E77 -> 1897.5
B79: Blockwork retaining walls
B80: 200 series corefilled blockwork including reo | C80: 12 | D80: m2 | E80: 180 | F80: 0
B81: Refer quote from SCB | C81: 1 | D81: quote | E81: 3450 | F81: =C81*E81 -> 3450
B83: Waterproofing
B84: Tanking/waterproofing to rear of block retaining wall | C84: 6 | D84: m2 | E84: 50 | F84: 0
B85: Refer quote from Garden City Waterproofing | C85: 1 | D85: quote | E85: 250 | F85: =C85*E85 -> 250
B87: Render
B88: Render and paint finish to block retaining wall | C88: 15 | D88: m2 | E88: 60 | F88: =C88*E88 -> 900
B90: Handrails
B91: Moddex powdercoated free-standing pipe disability handrails to stairs | C91: 18 | D91: m | E91: 250 | F91: Included
B92: Refer quote from Moddex (17m) | C92: 1 | D92: quote | E92: 7744 | F92: =C92*E92 -> 7744
B94: Tactiles
B95: SS tactiles | C95: 4 | D95: m2 | E95: 450 | F95: Included
B96: Stair nosing | C96: 30 | D96: m | E96: 45 | F96: Included
B97: CTA quote | C97: 1 | D97: quote | E97: 3528 | F97: =C97*E97 -> 3528
B98: TSA quote | D98: quote | E98: 3949 | F98: =C98*E98 -> 0
B100: Painting
B101: Painting to rendered columns | C101: 23 | D101: m2 | E101: 25 | F101: =C101*E101 -> 575
B102: Refer painting quotes from (totals):
B103: Imperial Coatings - $10,223 + $760 for rendering
B104: A & R Painting - $19,000
B105: Horizon Coatings - $30,078
B106: GNT Painting - $55,200 + $60/m2 for rendering
B107: Painter Network - $140,457
B109: New aluminium doors
B110: 4050mm wide x 3000mm high aluminium framed sliding doors (OXX) | C110: 4 | D110: no | E110: 6000 | F110: =C110*E110 -> 24000
B111: 4050mm wide x 3000mm high aluminium framed with hinged door and fixed glass panels | C111: 2 | D111: no | E111: 6375 | F111: =C111*E111 -> 12750
B112: Refer quote from Argus Vison (total $51,466) including alum door frames for timber doors
B113: Refer quote from Scope Doors & Windows (total $52,555) including alum door frames for timber doors
B114: Refer GJames quote (total $58,0191) includes aluminium door frames for timber doors
B115: Refer quote from Division Windows (total $59,100) includes alum door frames for timber doors
B116: Refer Bradnams revised quote (total $74,050) includes aluminium door frames for timber doors
B118: Garden Bed Construction
B119: Segmental concrete block retaining wall to sides of stairs | C119: 3 | D119: m2 | E119: 300 | F119: =C119*E119 -> 900
...

Sheet 13-BAR AREA EXTENSION & REFURBI
A1: BAR AREA EXTENSION & REFURBISHMENT
A2: Code | B2: Description | C2: Quantity | D2: Unit | E2: Rate | F2: Total
B3: BAR AREA REFURBISHMENT
B4: Demolish existing bar joinery and fixtures
B5: Demolish existing vinyl flooring, ceiling, & wall linings throughout room
B6: Construct new floor, wall, ceiling linings & roof structure
B7: Construct new bar joinery and fixtures
B8: Construct new cold room
B9: Associated electrical, mechanical and hydraulic services upgrades
B11: External Demolition
B12: Engage U/G services locator for existing stormwater drainage | C12: 1 | D12: item | E12: 450 | F12: =C12*E12 -> 450
B13: Labour to lift and pack clay pavers (to be handed over to council) | C13: 28.51 | D13: m2 | E13: 25 | F13: =C13*E13 -> 712.75
B14: Removal of 2 palm trees and shrubs | C14: 1 | D14: item | E14: 1500 | F14: =C14*E14 -> 1500
B15: Machine hire to remove external gardens and paved areas | C15: 10 | D15: hrs | E15: 110 | F15: =C15*E15 -> 1100
B16: Truck hire | C16: 10 | D16: hrs | E16: 100 | F16: =C16*E16 -> 1000
B17: Brick saw cutting to external wall | C17: 1 | D17: item | E17: 250 | F17: =C17*E17 -> 250
B18: Labour for external demo of brick wall, external door and eaves sheeting as required (2 men x 2 days). Salvage bricks for reuse to to infill door opening | C18: 40 | D18: hrs | E18: 65 | F18: =C18*E18 -> 2600
B19: Refer total quote from 470 Group - $44,990
B21: Internal demolition
B22: Electrical disconnections | C22: 1 | D22: item | E22: 500 | F22: =C22*E22 -> 500
B23: Hydrulics disconnections and capping | C23: 1 | D23: item | E23: 500 | F23: =C23*E23 -> 500
B24: Labour to strip out and remove existing bar joinery, fixtures, doors, concertina stacking bar door, vinyl flooriing and saw cut and remove sections of existing concete floor slab for new u/s drainage (2 men x 3 days) | C24: 60 | D24: hrs | E24: 65 | F24: =C24*E24 -> 3900
B25: Machine hire | C25: 1 | D25: item | E25: 500 | F25: =C25*E25 -> 500
B26: Concrete floor cutting | C26: 30 | D26: m | E26: 25 | F26: =C26*E26 -> 750
B27: Temporary internal wall at bar to maintain security | C27: 7 | D27: m | E27: 100 | F27: =C27*E27 -> 700
B29: Excavation
B30: Vacuum excvation | C30: 1 | D30: item | E30: 2500 | F30: =C30*E30 -> 2500
B31: Machine hire for extension platform to reduce level, trim and compact | C31: 1 | D31: item | E31: 1500 | F31: =C31*E31 -> 1500
B32: Excavation for strip footings and backhoe piers | C32: 8 | D32: m3 | E32: 90 | F32: =C32*E32 -> 720
B33: Spoil disposal | C33: 9.6 | D33: m3 | E33: 20 | F33: =C33*E33 -> 192
B34: Underslab dust 50mm | C34: 23.86 | D34: m2 | E34: 6 | F34: =C34*E34 -> 143.16
B35: Underslab plastic membrane | C35: 23.86 | D35: m2 | E35: 2 | F35: =C35*E35 -> 47.72
B36: Allowance for engineering inspections | C36: 1 | D36: item | E36: 500 | F36: =C36*E36 -> 500
B38: Termite protection
B39: Perimeter protection and cold joints (slab connection and U/S drainage) | C39: 48 | D39: m | E39: 25 | F39: =C39*E39 -> 1200
B40: Penos | C40: 13 | D40: no | E40: 25 | F40: =C40*E40 -> 325
B41: Form 16 certification | C41: 1 | D41: no | E41: 300 | F41: =C41*E41 -> 300
B42: Refer Bittn rates pricing
B43: Refer quote from Termi Home & Commercial | D43: quote | E43: 3310 | F43: =C43*E43 -> 0
B45: Concrete Supply
B46: N25 concrete to BHP and SF | C46: 11 | D46: m3 | E46: 155 | F46: =C46*E46 -> 1705
B47: N25 concrete to SOG, beam thickenings and set downs | C47: 6 | D47: m3 | E47: 155 | F47: =C47*E47 -> 930
B49: Concrete Labour
B50: Place concrete to BHP and SF | C50: 11 | D50: m3 | E50: 75 | F50: =C50*E50 -> 825
B51: Place and finish concrete to SOG 100mm thick including make good to existing floor for u/s drainage (29m2 including set down for cold room) | C51: 1 | D51: item | E51: 1800 | F51: =C51*E51 -> 1800
B53: Formwork
B54: 200mm edge formwork | C54: 13.6 | D54: m | E54: 25 | F54: =C54*E54 -> 340
B55: 150mm set down formwork | C55: 10.5 | D55: m | E55: 22 | F55: =C55*E55 -> 231
B57: Joints
B58: Labour to drill and dowel bars (N16 & 12) to existing footings and slab | C58: 40 | D58: no | E58: 15 | F58: =C58*E58 -> 600
B60: Concrete testing & pumping
B61: Testing / pour | C61: 2 | D61: no | E61: 500 | F61: =C61*E61 -> 1000
B62: Concrete pump (allowed due to possible paver damage) | C62: 2 | D62: no | E62: 750 | F62: =C62*E62 -> 1500
B64: Reo supply and place
B65: Refer pricing from Lyndons (total $2,336) excludes civil reo and fabricated cages
B66: Refer pricing from Wire Industries (total $5,785) Fabricated cages not allowed
B67: Refer supply rates only from Infrabuild
B68: Refer quote from Wagners (total 7,946) includes fabricated cages and civil reo
B69: Reo supply allowance | C69: 1 | D69: item | E69: 3450 | F69: =C69*E69 -> 3450
B71: Bar place / tonne | C71: 1.2 | D71: tonne | E71: 750 | F71: =C71*E71 -> 900
B72: Mesh place | C72: 29 | D72: m2 | E72: 5.5 | F72: =C72*E72 -> 159.5
B74: Brick and Blockwork
B75: 200 series corefilled blockwork including reo | C75: 50 | D75: m2 | E75: 180 | F75: 0
B76: Face brickwork (Austral Bricks Urban One - Sea Salt) with feature pop-out bricks throughout Austral Brick Urban One - Chiffon) | C76: 33 | D76: m2 | E76: 165 | F76: 0
B77: EO for double skin brickwork to infill existing doorway | C77: 1 | D77: item | E77: 250 | F77: 0
B78: Block control joint with fire rated sealant | C78: 5 | D78: m | E78: 22 | F78: =C78*E78 -> 110
B79: Backing rod and sealant between feature column and brickwork | C79: 5 | D79: m | E79: 12.5 | F79: =C79*E79 -> 62.5
B80: Refer quote from SCB | C80: 1 | D80: quote | E80: 20815 | F80: =C80*E80 -> 20815
B82: Carpentry
B83: Timber bearing plates to top of block walls | C83: 14 | D83: m | E83: 5.2 | F83: =C83*E83 -> 72.8
B84: PP1 200 x 58 smarl LVL15 pole plate fixed to block wall | C84: 8.4 | D84: m | E84: 27 | F84: =C84*E84 -> 226.8
B85: R1 200 x 42 smarl LVL15 rafters at 1000mm crs | C85: 43.8 | D85: m | E85: 19 | F85: =C85*E85 -> 832.2
B86: OR1 200 x 42 smarl LVL15 outriggers at 900mm crs | C86: 14.4 | D86: m | E86: 19 | F86: =C86*E86 -> 273.6
B87: FB1 200 x 42 smarl LVL15 fascia beams | C87: 6 | D87: m | E87: 19 | F87: =C87*E87 -> 114
B88: Plywood sheeting to base of box gutter | C88: 1 | D88: sheet | E88: 80 | F88: =C88*E88 -> 80
B89: Allowance for bolts, fixings, chemsets, strapping, etc | C89: 1 | D89: item | E89: 250 | F89: =C89*E89 -> 250
B90: Labour to install timber roof members (2 men x 3 days) | C90: 60 | D90: hrs | E90: 65 | F90: =C90*E90 -> 3900
B92: Structural Steel
B93: Steel parrapet fascia framing | C93: 0.54 | D93: tonnes | E93: 7500 | F93: 0
B94: AG Rigging supply and install quote (total $36,800) | C94: 1 | D94: item | E94: 8470 | F94: =C94*E94 -> 8470
B95: Sencova Steel Fabricators (total $48,000) | F95: =C95*E95 -> 0
B97: Metal roofing and flashings
B98: Trimdek roof sheeting - CB shale grey c/w metal roof battens and roof insulation | C98: 29 | D98: m2 | E98: 90 | F98: 0
B99: Box Gutter | C99: 10 | D99: m | E99: 120 | F99: 0
B100: 3 fold flashing - 450mm wide | C100: 10 | D100: m | E100: 45 | F100: 0
B101: Parrapet capping | C101: 17 | D101: m | E101: 40 | F101: 0
B102: Parrapet inner flashing | C102: 17 | D102: m | E102: 75 | F102: 0
B103: Downpipe and outlet | C103: 1 | D103: no | E103: 250 | F103: =C103*E103 -> 250
B104: Custom C/B flashing above external brickwok | C104: 20 | D104: m | E104: 50 | F104: =C104*E104 -> 1000
B105: C/B flashings to perimeter of green wall | C105: 11 | D105: m | E105: 45 | F105: =C105*E105 -> 495
B106: Refer quote from TNT roofing IRoof Rectification Works trade)
B108: External cladding
B109: 12mm CFC cladding above external brick and abutting vertical juntion to existing brick walls | C109: 21 | D109: m | E109: 150 | F109: =C109*E109 -> 3150
B110: 6mm FC sheeting to parrapet fascias including sarking and battens | C110: 14 | D110: m2 | E110: 80 | F110: =C110*E110 -> 1120
B111: FC Eaves soffits - 600mm wide | C111: 22 | D111: m | E111: 60 | F111: =C111*E111 -> 1320
B113: Horizontal timber feature battens to parrapets - Knotwood aluminium battens KEB5050M spotted gum 6050m lengths ($24/m & $5.10/end cap if required) | C113: 1 | D113: item | E113: 4000 | F113: =C113*E113 -> 4000
B114: Labour to install alum battens (2 men x 1 day) | C114: 20 | D114: hrs | E114: 65 | F114: =C114*E114 -> 1300
B115: Refer quote from Johnston Kitchens (total $115,895 for foyer & bar timber battening, bar stone top and SS joinery, Kitchen SS joinery and cabinet, knotwood battens to external bar roof parapet and external knotwood vertical battens) | D115: item | E115: 7302 | F115: =C115*E115 -> 0
B117: Build out to green wall - C15012 purlins | C117: 14 | D117: m | E117: 25 | F117: =C117*E117 -> 350
B118: Framing and FC sheeting to face of green wall | C118: 8 | D118: m2 | E118: 80 | F118: =C118*E118 -> 640
...

Sheet 14-FRONT ENTRANCE DOOR WORKS
A1: FRONT ENTRANCE DOOR WORKS
A2: Code | B2: Description | C2: Quantity | D2: Unit | E2: Rate | F2: Total
B3: FOYER ACCESS UPGRADE
B4: Demolish existing brick blade wall and existing double glass doors
B5: Construct new structure to support existing roof truss over
B6: Construct new automatic sliding entry door with compliant glass
B8: Demolition
B9: Temporary wall to maintain security | C9: 5 | D9: m | E9: 100 | F9: =C9*E9 -> 500
B10: Allow for temporary propping | C10: 1 | D10: item | E10: 200 | F10: =C10*E10 -> 200
B11: Concrete saw cutting | C11: 1 | D11: item | E11: 150 | F11: =C11*E11 -> 150
B12: Labour for demo | C12: 20 | D12: hours | E12: 65 | F12: =C12*E12 -> 1300
B13: Refer total quote from 470 Group - $44,990
B15: Structural steel
B16: 100 x 50 x 5 RHS mullions and 200 x 100 x 8 RHS door head | C16: 0.23 | D16: tonnes | E16: 7500 | F16: 0
B17: Hire duct lifter | C17: 1 | D17: item | E17: 250 | F17: 0
B18: Allowance for site welding | C18: 8 | D18: hrs | E18: 75 | F18: 0
B19: AG Rigging supply and install quote (total $36,800) | C19: 1 | D19: item | E19: 5520 | F19: =C19*E19 -> 5520
B20: Sencova Steel Fabricators (total $48,000) | F20: =C20*E20 -> 0
B21: Fire resitant paint to mullions and door head (CAFCO 300 spray applied fire protection coating) | C21: 1 | D21: item | E21: 1500 | F21: =C21*E21 -> 1500
B23: New auto doors
B24: 3925mm wide x 2700mm high automatic sliding entry doors, safety glass, one fixed panel (OXX) | C24: 1 | D24: no | E24: 12500 | F24: =C24*E24 -> 12500
B25: Refer quote from Argus Vison (total $51,486) including alum door frames for timber doors
B26: Refer quote from Scope Doors & Windows (total $52,555) including alum door frames for timber doors
B27: Refer GJames quote (total $58,0191) includes aluminium door frames for timber doors
B28: Refer quote from Division Windows (total $59,100) includes alum door frames for timber doors
B29: Refer Bradnams revised quote (total $74,050) includes aluminium door frames for timber doors
B31: Floor
B32: Drill and chemset 16mm HDG dowells 300mm long into existing slab | C32: 4 | D32: no | E32: 20 | F32: =C32*E32 -> 80
B33: Allowance for concrete to make good GF slab | C33: 1 | D33: item | E33: 50 | F33: =C33*E33 -> 50
B34: Topping to external entry to correct height | C34: 5 | D34: m2 | E34: 45 | F34: =C34*E34 -> 225
B35: CPT-02 Recessed carpet mat - Spectrum PE608 black carpet entrance mating , 9.7mm thick (included in floorcovering quotes) | C35: 4 | D35: m2 | E35: 120 | F35: 0
B36: Refer quote from Asset Flooring Group including alum trims (total - $9,940) | C36: 1 | D36: quote | E36: 1500 | F36: =C36*E36 -> 1500
B37: Refer quote from Carpet One including coving and skim coat to vinyl (total - $10,500). No allowance for recessed entry door mat | F37: =C37*E37 -> 0
B38: Refer quote from Andersens Gatton (total - $11,038) | D38: quote | E38: 1177 | F38: =C38*E38 -> 0
B39: Refer quote from OzFloor including 150mm coving. Excludes skim coat for vinyl areas (total - $11,450) No allowance for recessed entry door mat | F39: =C39*E39 -> 0
B40: Refer quote from PKF flooring (total - $13,284) | F40: =C40*E40 -> 0
B42: Ceiling
B43: Framing and sheeting to enclose steel beam and vertical mullions | C43: 1 | D43: item | E43: 2500 | F43: =C43*E43 -> 2500
B44: Make good ceiling to match existing (metal pan ceiling) | C44: 5 | D44: m2 | E44: 175 | F44: =C44*E44 -> 875
B46: Painting
B47: Painting to ceiling and columns enclosures | C47: 1 | D47: item | E47: 500 | F47: =C47*E47 -> 500
B48: Refer painting quotes from (totals):
B49: Imperial Coatings - $10,223 + $760 for rendering
B50: A & R Painting - $19,000
B51: Horizon Coatings - $30,078
B52: GNT Painting - $55,200 + $60/m2 for rendering
B53: Painter Network - $140,457
B54: Total | F54: =SUM(F2:F53) -> 27400

Sheet 15-METALWORK SCREENING AND GATE
A1: METALWORK SCREENING AND GATES TO COURTYARDS
A2: Code | B2: Description | C2: Quantity | D2: Unit | E2: Rate | F2: Total
B3: NEW EASTERN SCREEN TO LAPIDARY CLUB
B4: Construct perforated screening to front of Lapidary Club
B6: Demolition
B7: Labour to remove existing handrails to stairs and section of concrete slab to allow for excavation of bored piers | C7: 5 | D7: hours | E7: 65 | F7: =C7*E7 -> 325
B8: Machine hire to remove bitumen as required | C8: 1 | D8: item | E8: 250 | F8: =C8*E8 -> 250
B9: Remove tree | C9: 1 | D9: item | E9: 300 | F9: =C9*E9 -> 300
B10: Bitmen saw cutting | C10: 1 | D10: item | E10: 100 | F10: =C10*E10 -> 100
B11: Refer total quote from 470 Group - $44,990
B13: Bored Piers & SOG
B14: Mobilisation/ Demob | C14: 1 | D14: item | E14: 500 | F14: =C14*E14 -> 500
B15: Boring for 600mm dia x min. 3000mm deep bored piers | C15: 12 | D15: m | E15: 90 | F15: =C15*E15 -> 1080
B16: N32 concrete supply | C16: 4.5 | D16: m3 | E16: 165 | F16: =C16*E16 -> 742.5
B17: Fabricated reo cage supply (refer supply quote in Kitchen and Courtyard) | C17: 0.24 | D17: tonnes | E17: 2100 | F17: Included
B18: Reo place | C18: 4 | D18: hours | E18: 65 | F18: =C18*E18 -> 260
B19: Allowance for concrete pump | C19: 1 | D19: no | E19: 600 | F19: =C19*E19 -> 600
B20: Concrete place | C20: 4.1 | D20: m3 | E20: 75 | F20: =C20*E20 -> 307.5
B21: Set up hold-down bolt sets | C21: 4 | D21: no | E21: 65 | F21: =C21*E21 -> 260
B22: Slab rectification | C22: 1 | D22: item | E22: 600 | F22: =C22*E22 -> 600
B24: Structural Steel
B25: 200 x 6 SHS columns, 100 x 3.0 SHS top & bottom rails & 50 x 3.0 SHS wall girts | C25: 1.35 | D25: tonnes | E25: 7500 | F25: 0
B26: AG Rigging supply and install quote (total $36,800) | C26: 1 | D26: item | E26: 21710 | F26: =C26*E26 -> 21710
B28: Perforated Screening
B29: Locker Group powdercoated aluminium Aero 400 screening | C29: 34 | D29: m2 | E29: 450 | F29: 0
B30: EO for double gate framing and hinging | C30: 1 | D30: no | E30: 2500 | F30: =C30*E30 -> 2500
B31: Refer quote from WFM | C31: 1 | D31: quote | E31: 23840 | F31: =C31*E31 -> 23840
B32: Refer quote from ESP Fencing and Security including double gates | D32: quote | E32: 30435 | F32: =C32*E32 -> 0
B34: Handrails
B35: New pipe handrails with vertical balustrading to existing concrete stairs and landing | C35: 11 | D35: m | E35: 420 | F35: =C35*E35 -> 4620
B36: Painting to handrails | C36: 11 | D36: m | E36: 40 | F36: =C36*E36 -> 440
B37: Refer quote from WFM for SS handrails (incorrect) | D37: quote | E37: 4800 | F37: =C37*E37 -> 0
B38: Total | F38: =SUM(F2:F37) -> 58435

Sheet 16-NORTHERN CORRIDOR WORKS
A1: NORTHERN CORRIDOR WORKS
A2: Code | B2: Description | C2: Quantity | D2: Unit | E2: Rate | F2: Total
B3: CORRIDOR AREA REFURBISHMENT
B4: Demolish existing floor, wall and ceiling linings
B5: Construct new floor, wall and ceiling linings
B6: Associated electrical and mechanical services upgrades
B8: Demolition
B9: Labour to strip out and remove existing floor tiling, skirtings and ceiling linings (2 men x 1.5 days) | C9: 30 | D9: hrs | E9: 65 | F9: =C9*E9 -> 1950
B10: Floor griinding | C10: 38.98 | D10: m2 | E10: 15 | F10: =C10*E10 -> 584.7
B11: Refer total quote from 470 Group - $44,990
B13: Internal fitout
B14: 42 mm top hat battens fixed to masonry walls | C14: 43 | D14: m2 | E14: 17.5 | F14: =C14*E14 -> 752.5
B15: 13mm flushset plasterboard wall linings | C15: 43 | D15: m2 | E15: 45 | F15: =C15*E15 -> 1935
B16: Square set ceiling/wall junctions, external corners and door openings | C16: 77 | D16: m | E16: 15 | F16: =C16*E16 -> 1155
B17: 10mm flushset plasterboard ceilings including suspension system | C17: 38.16 | D17: m2 | E17: 50 | F17: =C17*E17 -> 1908
B18: Ceiling access panel | C18: 1 | D18: no | E18: 250 | F18: =C18*E18 -> 250
B19: Ceiling insulation - R3.5 Bradford gold batts 185mm thick | C19: 38.16 | D19: m2 | E19: 13.5 | F19: =C19*E19 -> 515.16
B20: Timber skirting | C20: 10.95 | D20: m | E20: 6.5 | F20: =C20*E20 -> 71.175
B22: Tiling
B23: Tile saw cut | C23: 3 | D23: m | E23: 6.5 | F23: =C23*E23 -> 19.5
B24: TL1 floor tiling - Johnson tiles Peak Antracite matt finish 300 x 600 with epoxy grout | C24: 38.98 | D24: m2 | E24: 150.8 | F24: =C24*E24 -> 5878.184
B25: 3mm aluminium edge strip between all floor finish changes | C25: 7 | D25: m | E25: 20 | F25: =C25*E25 -> 140
B27: Painting
B28: Painting plasterboard wall and celings | C28: 88 | D28: m2 | E28: 16 | F28: =C28*E28 -> 1408
B29: Refer painting quotes from (totals):
B30: Imperial Coatings - $10,223 + $760 for rendering
B31: A & R Painting - $19,000
B32: Horizon Coatings - $30,078
B33: GNT Painting - $55,200 + $60/m2 for rendering
B34: Painter Network - $140,457
B35: Total | F35: =SUM(F2:F34) -> 16567.219

Sheet 17-OLD BAR STORAGE ROOM WORKS
A1: OLD BAR STORAGE ROOM WORKS
A2: Code | B2: Description | C2: Quantity | D2: Unit | E2: Rate | F2: Total
B3: UPGRADE TO NORTHERN COURTYARD
B4: Demolish existing balustrade to northern courtyard
B5: Re-instate and rectify slab edge
B6: Construct new balustrade and double gate for service truck entry
B8: Demolition
B9: Saw cutting | C9: 1 | D9: item | E9: 250 | F9: =C9*E9 -> 250
B10: Machine hire to demolish existing brick wall | C10: 2 | D10: hours | E10: 110 | F10: =C10*E10 -> 220
B11: Truck | C11: 2 | D11: hours | E11: 100 | F11: =C11*E11 -> 200
B12: Labour to remove existing double gates and assist with brick wall demo | C12: 4 | D12: hours | E12: 65 | F12: =C12*E12 -> 260
B13: Make good concrete slab edge due to brick fence removal | C13: 1 | D13: item | E13: 200 | F13: =C13*E13 -> 200
B14: Refer total quote from 470 Group - $44,990
B16: New fencing and gates
B17: Powdercoated aluminium fencing - Heritage Malvern | C17: 6 | D17: m | E17: 175 | F17: Included
B18: EO for sliding gate to match above fencing including hardware | C18: 1 | D18: no | E18: 2500 | F18: Included
B19: Refer quote from AH Fencing | C19: 1 | D19: quote | E19: 4047 | F19: =C19*E19 -> 4047
B21: Kerb Ramps
B22: Construct 2 new kerb ramps to existing street including demo of existing kerbing and forming new concrete kerbs | C22: 1 | D22: item | E22: 1200 | F22: =C22*E22 -> 1200
B24: Carpark Linemarking
B25: PWD carpark to street including symbol | C25: 1 | D25: item | E25: 300 | F25: =C25*E25 -> 300
B26: Total | F26: =SUM(F2:F25) -> 6677

Sheet 18-ROOF RECTIFICATION WORKS
A1: ROOF RECTIFICATION WORKS
A2: Code | B2: Description | C2: Quantity | D2: Unit | E2: Rate | F2: Total
B3: ROOF RECTIFICATION WORKS
B4: Replace portion of damaged roof sheeting
B5: New ridge capping throughout
B6: Altering and rectifying existing box gutters, apron flashings and other general flashings
B7: Replace existing colourbond flashings throuhgout
B8: Rectify existing and new roof penetrations / flashings
B9: Replace and rectify existing dry pan flashings throughout
B10: New protective surface treatment to existing roof
B12: Demolition
B13: Remove existing asbestos parrapet wall lining on upper roof (25m2) | C13: 1 | D13: PC Sum | E13: 2500 | F13: =C13*E13 -> 2500
B14: Install new FC exotec vero expressed joint sheeting parrapet sheeting including sarking and insulation | C14: 25 | D14: m2 | E14: 280 | F14: =C14*E14 -> 7000
B16: Labour to remove existing guardrails (& handover to LVRC), unwanted mech units, ducts, etc and install additional support framing/battens | C16: 120 | D16: hours | E16: 65 | F16: =C16*E16 -> 7800
B17: Allowance for materials | C17: 1 | D17: item | E17: 1000 | F17: =C17*E17 -> 1000
B19: Allowance for membrane applications (4A & B) | C19: 1 | D19: item | E19: 2000 | F19: =C19*E19 -> 2000
B20: Clean out existing box gutters | C20: 5 | D20: hours | E20: 65 | F20: =C20*E20 -> 325
B21: Treat existing box gutters with 2 coats of Kemseal S80 and construct new protective cages around sumps | C21: 1 | D21: item | E21: 5000 | F21: =C21*E21 -> 5000
B23: Roofing
B24: Subbie quotes
B25: Refer quote from TNT Roofing (includes costs for roof plumbing to new roof to Bar Extension) | C25: 1 | D25: quote | E25: 33695 | F25: =C25*E25 -> 33695
B27: Roof Rectification SOW 5B
B28: PC Sum allowance to remove existing internal galvanised linings to the parapet, install additional/new structural support and reinstall existing galvanised linings (or replace with new as required) Underseal and overseal of joints and repin | C28: 1 | D28: PC Sum | E28: 2000 | F28: =C28*E28 -> 2000
B30: Roof painting
B31: 2 coat NXT Cool Zone heat reflective roof coating - Shale grey (entire roof) including cleaning and prep | C31: 1706 | D31: m2 | E31: 20 | F31: =C31*E31 -> 34120
B32: Imperial Coatings est rate for roof painting $18-20/m2 depending on condition of roof
B33: Total | F33: =SUM(F2:F32) -> 95440

Sheet 19-ROOF SAFETY WORKS
A1: ROOF SAFETY WORKS
A2: Code | B2: Description | C2: Quantity | D2: Unit | E2: Rate | F2: Total
B4: Marsh Height Safety | C4: 1 | D4: quote | E4: 7510 | F4: =C4*E4 -> 7510
B5: Soteria Industries | D5: quote | E5: 8055 | F5: =C5*E5 -> 0
B6: Height Dynamics | D6: quote | E6: 13199 | F6: =C6*E6 -> 0
B7: Aegis (includes removal of guardrail system) | D7: quote | E7: 17995 | F7: =C7*E7 -> 0
B9: EO to remove ladder, static line and fall arrest anchor points | C9: 1 | D9: item | E9: 1400 | F9: =C9*E9 -> 1400
B10: Total | F10: =SUM(F2:F9) -> 8910

Sheet 20-KITCHEN COLDROOM
A1: KITCHEN COLDROOM
A2: Code | B2: Description | C2: Quantity | D2: Unit | E2: Rate | F2: Total
B3: KITCHEN COLDROOM - Drawing B.606
B4: Construct new cold room to western wall of kitchen
B5: Construct new entry into new cold room
B6: Construct all associated electrical, mechanical and hydraulic systems and services for cold room
B8: Form new door opening
B9: Brick saw cutting to single skin brick wall | C9: 1 | D9: item | E9: 300 | F9: =C9*E9 -> 300
B10: Labour to demolish brickwork | C10: 2 | D10: hrs | E10: 65 | F10: =C10*E10 -> 130
B11: Temporary propping and allowance for lintel support to brickwork | C11: 1 | D11: item | E11: 600 | F11: =C11*E11 -> 600
B12: Trims and sill to formed door opening | C12: 1 | D12: item | E12: 500 | F12: =C12*E12 -> 500
B14: Floor
B15: 9mm CFC sheeting laid to timber floor | C15: 9 | D15: m2 | E15: 90 | F15: =C15*E15 -> 810
B17: New Wall
B18: 92mm stud wall framing with 1 x 13mm layer to Auditorium side only (full height to underside of existing ceiling - 3m high) | C18: 18 | D18: m2 | E18: 100 | F18: =C18*E18 -> 1800
B19: Timber skirting to match | C19: 6 | D19: m | E19: 7.5 | F19: =C19*E19 -> 45
B20: Cornice and trims | C20: 12 | D20: m | E20: 6.5 | F20: =C20*E20 -> 78
B22: Coldroom
B23: 3060 X 2470 x 3000mm high cold room
B24: Quote from Askin including 75mm wear floor over 75mm insulated floor panel ($23,612 for both coldrooms). Refrigeration excluded | D24: item | E24: 12900 | F24: =C24*E24 -> 0
B25: Refer quote from Subzero ($37,645 for both coldrooms including refrigeration and sub floor heaters to kitchen coldroom on timber floor) | C25: 1 | D25: item | E25: 22145 | F25: =C25*E25 -> 22145
B26: Less cost for sub-floor heaters (tender exclusion) | C26: -1 | D26: item | E26: 445 | F26: =C26*E26 -> -445
B27: Refer quote from Astra panels including 75mm concrete over 100mm insulated floor panel, hardener, coving, mesh and refrigeration and electrical | D27: quote | E27: 16450 | F27: =C27*E27 -> 0
B28: EO for Astra alternative for outdoor unit | D28: item | E28: 1950 | F28: =C28*E28 -> 0
B29: Refer quote from T & H Sheetmetal ( 2 x coldrooms c/w refrigeration and mantova shelving - total $54,280) | D29: item | E29: 27140 | F29: =C29*E29 -> 0
B31: Coldroom floor
B32: 75mm concrete topping wear floor over insulated panel | C32: 7 | D32: m2 | E32: 50 | F32: Included
B34: Coldroom shelving
B35: Metal coldroom shelving to 3 sides of coldroom - 2850 x 2270 x 2850 x 500/400mm deep x 1800mm high 4 shelves | C35: 7.2 | D35: m | E35: 220 | F35: 0
B36: Refer Procook quote for metal shelving prices (allowed for 6 No. 1065 x 610mm x 4 tier shelves) | C36: 1 | D36: item | E36: 1760 | F36: =C36*E36 -> 1760
B38: Painting
B39: Painting to new wall | C39: 18 | D39: m2 | E39: 20 | F39: =C39*E39 -> 360
B40: Total | F40: =SUM(F2:F39) -> 28083

Sheet 21-PRINCIPAL CAUSED DELAYS
A1: PRINCIPAL CAUSED DELAYS
A2: Code | B2: Description | C2: Quantity | D2: Unit | E2: Rate | F2: Total
B3: Principal caused delays | C3: 10 | D3: days | E3: 1500 | F3: =C3*E3 -> 15000
B4: Total | F4: =SUM(F2:F3) -> 15000

Sheet 22-LOOSE AV EQUIPMENT
A1: LOOSE AV EQUIPMENT
A2: Code | B2: Description | C2: Quantity | D2: Unit | E2: Rate | F2: Total
B3: Provisonal sum for loose AV equipment | C3: 1 | D3: PC Sum | E3: 3000 | F3: =C3*E3 -> 3000
B4: Total | F4: =SUM(F2:F3) -> 3000
